 Dungeon Crawl Stone Soup version 0.25.0-41-g26779e291d (webtiles) character file.

Game seed: 2702381063943141009

38 Ethylacetat the Insei (level 3, -2/24 HPs)
             Began as an Octopode Transmuter on July 10, 2020.
             Slain by a goblin (3 damage)
             ... on level 2 of the Dungeon.
             The game lasted 00:01:57 (1184 turns).

Ethylacetat the Insei (Octopode Transmuter)         Turns: 1184, Time: 00:01:58

Health: -2/24      AC:  1    Str: 10    XL:     3   Next: 43%
Magic:  5/6        EV: 13    Int: 15    God:
Gold:   64         SH:  0    Dex: 12    Spells: 5/6 levels left

rFire    + . .     SeeInvis .     - Unarmed
rCold    + + .     Gourm    .   (no shield)
rNeg     . . .     Faith    .   (helmet restricted)
rPois    +         Spirit   .   (no amulet)
rElec    +         Reflect  .   f - ring of protection from cold
rCorr    +         Harm     .   (no ring)
MR       .....                  (no ring)
Stlth    ++........             (no ring)
HPRegen  0.08/turn              (no ring)
MPRegen  0.10/turn              (no ring)
                                (no ring)
                                (no ring)

@: lethally poisoned (-2 -> -5), appendage (expiring), resistant, hasted, very
quick
A: almost no armour, stealthy swim, amphibious, 8 rings, constrict 8, tentacle
spike 3, camouflage 1, gelatinous body 1
a: End Transformation


You were on level 2 of the Dungeon.
You were not hungry.
One of your tentacles had a temporary spike.
You visited 1 branch of the dungeon, and saw 2 of its levels.

You collected 64 gold pieces.

Inventory:

Missiles
 a - 64 arrows
Jewellery
 f - a ring of protection from cold (left tentacle)
Scrolls
 e - 2 scrolls of enchant weapon {unknown}
 h - a scroll of fog {unknown}
 k - a scroll of immolation {unknown}
 l - a scroll of identify {unknown}
 m - a scroll of teleportation {unknown}
Potions
 b - a potion of berserk rage {unknown}
 g - a potion of degeneration {unknown}
 i - a potion of resistance
 n - a potion of heal wounds {unknown}
 o - a potion of mutation {unknown}
Comestibles
 c - 4 rations
 d - 4 chunks of flesh


   Skills:
 * Level 2.0 Fighting
 - Level 2.0 Dodging
 * Level 3.4 Unarmed Combat
 + Level 2.3 Spellcasting
 + Level 2.2 Transmutations


You had 5 spell levels left.
You knew the following spells:

 Your Spells              Type           Power        Failure   Level  Hunger
a - Beastly Appendage     Tmut           #.....       9%          1    #......

Your spell library contained the following spells:

 Spells                   Type           Power        Failure   Level  Hunger
 Sticks to Snakes         Tmut           #.......     13%         2    ###....
 Animate Skeleton         Necr           N/A          22%         1    #......
 Apportation              Tloc           #.....       22%         1    #......
 Corona                   Hex            #......      22%         1    #......
 Summon Small Mammal      Summ           #...         22%         1    #......
 Spider Form              Tmut/Pois      #.........   38%         3    ###....
 Ice Form                 Ice/Tmut       #.......     80%         4    #####..
 Blade Hands              Tmut           #.........   93%         5    ######.


Dungeon Overview and Level Annotations

Branches:
Dungeon (2/15)

Altars:


Innate Abilities, Weirdness & Mutations

You cannot wear most types of armour.
You are very stealthy in the water. (Stealth+)
You are amphibious.
You can wear up to eight rings at the same time.
You can use your tentacles to constrict eight enemies at once.
Your skin changes colour to match your surroundings (Stealth+).
Your rubbery body absorbs attacks. (AC +1, EV +1)
One of your tentacles bears a large vicious spike.


Message History

You are too injured to fight recklessly!
Casting: Beastly Appendage (safe; 9% risk of failure)
Confirm with . or Enter, or press ? or * to list all spells.
One of your tentacles grows a vicious spike.
You constrict the adder. The adder barely misses you. The goblin hits you.
* * * LOW HITPOINT WARNING * * *
You barely miss the adder.
The adder is moderately wounded.
You constrict the adder. The adder barely misses you. The goblin hits you.
* * * LOW HITPOINT WARNING * * *
It was a potion of resistance.
You feel protected.
Your transformation is almost over.
You constrict the adder.
* * * LOW HITPOINT WARNING * * *
You feel sick. The adder barely misses you. The goblin barely misses you.
The adder bites you.
* * * LOW HITPOINT WARNING * * *
It was a potion of haste.
You feel yourself speed up.
You constrict the adder. The goblin hits you.
You die...

## # ...## # ...... # ......###
######## # ........## #......#
# .....r#..#####......# # ###.
.....KS@............# # .....
.#....g........######## # .....
...........#...........
###.....
...######..#...........
........... ##.#.#.########
)....##.#.(. #### #...#.......#
.....##.#... ... #...#.......#
.....##.#..#####.##...#.......#
.....+..^...............>.....#


You could see an adder, a goblin, a kobold and a rat.

Vanquished Creatures
  A worm (D:2)
  3 dart slugs
  A leopard gecko (D:1)
  3 bats (D:1)
  2 giant cockroaches (D:1)
  5 goblins
  4 hobgoblins
  A kobold (D:2)
  3 frilled lizards
  3 rats
26 creatures vanquished.

Notes
Turn   | Place    | Note
-------+----------+-------------------------------------------
     0 | D:1      | Ethylacetat the Octopode Transmuter began the quest for the
                  | Orb.
     0 | D:1      | Reached XP level 1. HP: 13/13 MP: 3/3
   139 | D:1      | Reached XP level 2. HP: 18/18 MP: 5/5
   742 | D:2      | Reached XP level 3. HP: 24/24 MP: 6/6
  1183 | D:2      | HP: 1/24 [adder (1)]
  1184 | D:2      | Slain by a goblin

Illustrated notes

Levels and vault maps discovered:
D:1:      wander_arrival_lonely_grave, layout_rooms
D:2:      layout_basic, kennysheep_okawaru_gauntlet

Skill      XL: |  1  2  3 |
---------------+----------+-----
Fighting       | 2 |  2.0
Dodging        | |  2.0
Unarmed Combat | |  3.4
Spellcasting   | |  2.3
Transmutations | |  2.2

Action                   || total
-------------------------++-------
Melee: Unarmed           ||    55
       Constrict         ||    13
       Tentacles         ||     5
       Kick              ||     3
       Punch             ||     2
 Cast: Beastly Appendage ||     6
  Use: Potion            ||     2
 Stab: Distracted        ||     1
       Sleeping          ||     1
  Eat: Chunk             ||     1
Dodge: Dodged            ||    31
